 Dungeon Crawl Stone Soup version 0.29.1-1-gd02db6906a (webtiles) character file.

Game seed: 5126802174812415922

2905 Ashen the Firebug (level 9, -11/68 HPs)
             Began as a Demonspawn Fire Elementalist on Oct 5, 2022.
             Was a Priest of Vehumet.
             Engulfed by a cloud of flame (17 damage)
             ... on level 8 of the Dungeon.
             The game lasted 00:16:03 (8756 turns).

Ashen the Firebug (Demonspawn Fire Elementalist)    Turns: 8756, Time: 00:16:04

Health: -11/68     AC:  6    Str:  7 (8)  XL:     9   Next: 49%
Magic:  10/17      EV: 13    Int: 19 (22) God:    Vehumet [***...]
Gold:   401        SH:  0    Dex: 11 (13) Spells: 11/18 levels left

rFire   . . .      SeeInvis .   h - +2 short sword (venom)
rCold   . . .      Faith    .   (no shield)
rNeg    . . .      Spirit   .   a - +0 robe
rPois   +          Reflect  .   j - +0 helmet
rElec   .          Harm     .   (no cloak)
rCorr   .          Rampage  .   (no gloves)
Will    +....                   (no boots)
Stlth   +++.......              (no amulet)
HPRegen 0.21/turn               l - ring of willpower
MPRegen 0.15/turn               y - ring of poison resistance

@: no status effects
A: icy blue scales 2, spiny 1
a: Renounce Religion


You were on level 8 of the Dungeon.
You worshipped Vehumet.
Vehumet was most pleased with you.
You visited 1 branch of the dungeon, and saw 8 of its levels.

You collected 401 gold pieces.

Inventory:

Hand Weapons
 h - a +2 short sword of venom (weapon)
 t - a +1 dagger of electrocution
Armour
 a - a +0 robe (worn)
 j - a +0 helmet (worn)
Jewellery
 l - a ring of willpower (left hand)
 u - a ring of protection from cold
 x - a ring of see invisible
 y - a ring of poison resistance (right hand)
Wands
 r - a wand of roots (5)
 s - a wand of light (11)
 A - a wand of charming (9)
Scrolls
 e - a scroll of summoning {unknown}
 i - a scroll of fear {unknown}
 k - 4 scrolls of identify {unknown}
 q - a scroll of teleportation {unknown}
 v - 2 scrolls of amnesia {unknown}
 w - a scroll of enchant weapon {unknown}
 z - a scroll of noise {unknown}
 D - 3 scrolls of fog {unknown}
 G - a scroll of magic mapping {unknown}
 H - a scroll of silence {unknown}
Potions
 b - a potion of magic
 c - 3 potions of haste {unknown}
 d - 5 potions of degeneration
 f - a potion of mutation {unknown}
 g - 3 potions of curing {unknown}
 m - 3 potions of heal wounds {unknown}
 n - a potion of cancellation {unknown}
 o - a potion of might {unknown}
 p - a potion of attraction {unknown}
 B - a potion of lignification {unknown}
 C - a potion of flight {unknown}
 E - 3 potions of resistance {unknown}
 F - 2 potions of brilliance {unknown}


   Skills:
 + Level 5.1 Fighting
 + Level 5.3 Dodging
 - Level 5.0 Stealth
 + Level 5.4 Spellcasting
 + Level 5.5 Conjurations
 + Level 5.7 Fire Magic


You had 11 spell levels left.
You knew the following spells:

 Your Spells              Type           Power      Damage    Failure   Level
a - Foxfire               Conj/Fire      100%       2x1d9     1%          1
b - Scorch                Fire           54%        2d8       1%          2
c - Flame Wave            Conj/Fire      26%        2d8       3%          4

Your spell library contained the following spells:

 Spells                   Type           Power      Damage    Failure   Level
 Searing Ray              Conj           52%        2d6       1%          2
 Conjure Flame            Conj/Fire      26%        6-21      1%          3
 Inner Flame              Hex/Fire       16%        N/A       3%          3
 Frozen Ramparts          Ice            10%        1d2       10%         3
 Blink                    Tloc           10%        N/A       19%         2
 Call Canine Familiar     Summ           5%         N/A       34%         3
 Lesser Beckoning         Tloc           5%         N/A       34%         3
 Portal Projectile        Hex/Tloc       10%        N/A       34%         3
 Corpse Rot               Necr/Pois/Air  5%         N/A       75%         4
 Dispel Undead            Necr           5%         3d7       75%         4
 Ice Form                 Ice/Tmut       5%         N/A       75%         4
 Leda's Liquefaction      Hex/Erth       2%         N/A       75%         4
 Summon Ice Beast         Ice/Summ       5%         N/A       75%         4
 Manifold Assault         Tloc           5%         N/A       97%         5
 Summon Forest            Summ/Tloc      2%         N/A       97%         5
 Eringya's Noxious Bog    Tmut/Pois      2%         N/A       98%         6
 Death Channel            Necr           2%         N/A       100%        6
 Summon Hydra             Summ           2%         N/A       100%        7


Dungeon Overview and Level Annotations

Branches:
Dungeon (8/15)             Temple (0/1) D:4
   Lair: D:8-11

Altars:
Ashenzari
Gozag
Okawaru
Sif Muna
Vehumet
Yredelemnul

Shops:
D:1 ((


Innate Abilities, Weirdness & Mutations

You are mostly covered in icy blue scales. (AC +3)
You are partially covered in sharp spines.


Message History

A two-headed ogre is nearby!
You see here a +0 club.
Items here: ) [[ †.
Casting: Scorch (safe; 1% risk of failure)
Confirm with . or Enter, or press ? or * to list all spells.
Flames lash the two-headed ogre.
The two-headed ogre shouts in stereo!
The two-headed ogre is lightly wounded.
The two-headed ogre's fire resistance burns away.
Aiming: Charm
Press: ? - help, Shift-Dir - straight line, f - two-headed ogre
Aim: a two-headed ogre, wielding a +0 giant spiked club and a +0 giant club (lightly wounded, more vulnerable to fire, chance to affect: 31%)
Okay, then.
Casting: Scorch (safe; 1% risk of failure)
Confirm with . or Enter, or press ? or * to list all spells.
Casting: Flame Wave (dangerous; 2% risk of failure)
Press: ? - help, Dir - look around, f - activate A wave of flame ripples out!
The flame wave engulfs the two-headed ogre!
The two-headed ogre is burned terribly!
The two-headed ogre is moderately wounded.
The tree burns like a torch! (Press . to intensify the flame waves.)
You hear a croak.
The two-headed ogre is struck by your spines.
The two-headed ogre misses you.
The two-headed ogre hits you with a +0 giant club!!
A wave of flame ripples out!
The flame wave engulfs the two-headed ogre!
The two-headed ogre is burned terribly!
The two-headed ogre is heavily wounded.
The tree burns like a torch!
The two-headed ogre hits you with a +0 giant spiked club!!
* * * LOW HITPOINT WARNING * * *
The two-headed ogre barely misses you.
It was a potion of degeneration.
There was something very wrong with that liquid.
You feel weakened.
You feel dopey.
You feel clumsy.
You are engulfed in blazing flames.
You die...

# #.# # #.# ####
##### ♣♣.♣ ♣ #.♣.♣
♣.♣♣ P #.†♣♣ .♣♣ #♣~
#...♣♣# ♣.♣♣ #~♣
#.♣)§§#
♣♣.♣♣#~♣♣♣♣#O♣§O§#
♣♣.♣#~♣♣~♣#.♣§§@#
♣♣.♣♣♣~P~≈~♣.♣§§§#.#
...♣...~P~.....§§§.#
...♣.♣♣♣♣~♣♣.♣♣♣♣#.#
.♣♣♣.# P~♣♣#..♣♣ .#
.♣♣.♣#♣~P #..†♣♣ #
♣..♣♣#~♣♣ #.♣..♣#
♣♣.♣ #♣ #.♣♣..# ♣♣.♣
#♣.♣♣.#


You could see a two-headed ogre (combustible).

Vanquished Creatures
  A steam dragon (D:8)
  Menkaure (D:5)
  A water moccasin (D:8)
  2 ice beasts
  An orc warrior (D:6)
  A sky beast (D:7)
  5 ogres
  A black bear (D:6)
  A centaur (D:5)
  2 phantoms (D:6)
  A gnoll sergeant (D:8)
  A kobold brigand (D:7)
  5 bullfrogs
  A necrophage (D:5)
  A killer bee (D:8)
  5 howler monkeys
  3 electric eels (D:6)
  A jelly (D:6)
  2 orc priests
  2 hounds
  2 iguanas
  Ijyb (D:5)
  3 orc wizards
  10 gnolls
  5 adders
  A white imp (D:8)
  An ufetubus (D:4)
  A worm (D:3)
  14 orcs
  7 ball pythons
  6 bats
  4 endoplasms
  6 goblins
  5 hobgoblins
  18 jackals
  7 quokkas
  3 frilled lizards
  15 kobolds
  24 rats
171 creatures vanquished.

Vanquished Creatures (collateral kills)
  2 foxfires
2 creatures vanquished.

Vanquished Creatures (others)
  411 foxfires
  24 plants
435 creatures vanquished.

Grand Total: 608 creatures vanquished

Notes
Turn   | Place    | Note
-------+----------+-------------------------------------------
     0 | D:1      | Ashen the Demonspawn Fire Elementalist began the quest for
                  | the Orb.
     0 | D:1      | Reached XP level 1. HP: 13/13 MP: 3/3
   149 | D:1      | Found Opiza's Weapon Boutique.
   361 | D:1      | Found Pykux's Antique Weapon Shop.
   642 | D:1      | Gained mutation: You are partially covered in icy blue
                  | scales. (AC +2) [demonic ancestry]
   642 | D:1      | Reached XP level 2. HP: 19/19 MP: 0/5
  1347 | D:2      | Reached XP level 3. HP: 24/24 MP: 0/6
  2464 | D:3      | Learned a level 2 spell: Scorch
  2576 | D:3      | Reached XP level 4. HP: 31/31 MP: 1/7
  2635 | D:3      | Found an opulent altar of Gozag.
  3187 | D:3      | Reached skill level 1 in Fighting
  3315 | D:3      | Found a basalt altar of Yredelemnul.
  3394 | D:3      | Found a radiant altar of Vehumet.
  3394 | D:3      | Found an iron altar of Okawaru.
  3395 | D:3      | Found a broken altar of Ashenzari.
  3402 | D:3      | Became a worshipper of Vehumet
  4021 | D:4      | Reached XP level 5. HP: 37/37 MP: 7/9
  4514 | D:4      | Gained mutation: You are partially covered in sharp spines.
                  | [demonic ancestry]
  4514 | D:4      | Reached XP level 6. HP: 39/43 MP: 4/10
  4719 | D:4      | Reached * piety under Vehumet
  4719 | D:4      | Offered knowledge of Shock by Vehumet.
  4928 | D:4      | Found a staircase to the Ecumenical Temple.
  4994 | D:5      | Entered Level 5 of the Dungeon
  5053 | D:5      | Noticed Ijyb
  5058 | D:5      | Killed Ijyb
  5127 | D:5      | Gained mutation: You are mostly covered in icy blue scales.
                  | (AC +3) [demonic ancestry]
  5127 | D:5      | Reached XP level 7. HP: 51/51 MP: 6/11
  5190 | D:5      | Noticed Menkaure
  5196 | D:5      | Killed Menkaure
  5699 | D:5      | Found a shimmering blue altar of Sif Muna.
  6006 | D:6      | Reached XP level 8. HP: 52/58 MP: 13/13
  6295 | D:6      | Reached ** piety under Vehumet
  6295 | D:6      | Offered knowledge of Poisonous Vapours by Vehumet.
  6716 | D:6      | Reached skill level 5 in Fire Magic
  6721 | D:6      | Reached skill level 5 in Stealth
  7216 | D:6      | Reached XP level 9. HP: 21/66 MP: 11/16
  7557 | D:7      | Reached skill level 5 in Spellcasting
  7557 | D:7      | Reached skill level 5 in Conjurations
  8155 | D:8      | Reached skill level 5 in Dodging
  8243 | D:7      | Learned a level 4 spell: Flame Wave
  8304 | D:8      | Offered knowledge of Searing Ray by Vehumet.
  8396 | D:8      | Reached skill level 5 in Fighting
  8663 | D:8      | Reached *** piety under Vehumet
  8734 | D:8      | Noticed a two-headed ogre
  8756 | D:8      | Engulfed by a cloud of flame

Illustrated notes

Levels and vault maps discovered:
D:1:      sevenhm_arrival_forest_fort_large_4, layout_loops_ring, serial_shops,
          shop, nicolae_square_shop, minmay_heptomino_w4
D:2:      layout_loops_corners, shapermc_ecumenical_altar_petra
D:3:      layout_basic, gammafunk_temple_overflow_claw, old_standard_altar,
          yredelemnul_altar_generic, serial_bayou_lagoon_a,
          grunt_decor_arrowhead
D:4:      layout_loops_ring, minmay_temple_entry_statues_fountains,
          minmay_rat_hole
D:5:      layout_rooms, nicolae_sif_muna_little_library, uniq_ijyb,
          uniq_menkaure
D:6:      layout_cave_pools, serial_bayou_lake_a
D:7:      layout_rooms, small_statue_intersection, glass_columns_b
D:8:      nzn_winding_woodlands_three_and_one
          [nzn_winding_woodlands_5x15_pockets,
          nzn_winding_woodlands_5x15_lazy_stream,
          nzn_winding_woodlands_5x15_crooked,
          nzn_winding_woodlands_center_diamonds], layout_basic, uniq_maggie

Skill      XL: |  1  2  3  4  5  6  7  8  9 |
---------------+----------------------------+-----
Dodging        | 2 3 4 5 |  5.3
Stealth        | 2 3 4 5 |  5.0
Fire Magic     | 3 4 5 |  5.7
Fighting       | 1 2 3 4 5 |  5.1
Conjurations   | 2 3 4 5 |  5.5
Spellcasting   | 3 4 5 |  5.4

Action                   |  1- 3 |  4- 6 |  7- 9 || total
-------------------------+-------+-------+-------++-------
Melee: Unarmed           |    14 |       |       ||    14
       Short sword       |    28 |    65 |    34 ||   127
       Punch             |       |     1 |       ||     1
 Cast: Foxfire           |    55 |    78 |   119 ||   252
       Scorch            |       |     2 |    24 ||    26
       Flame Wave        |       |       |     2 ||     2
Evoke: Wand              |       |       |     1 ||     1
  Use: Potion            |       |       |     1 ||     1
 Stab: Sleeping          |     6 |     1 |     7 ||    14
Armor: Robe              |    29 |    10 |    14 ||    53
Dodge: Dodged            |    46 |    37 |    57 ||   140
